 Dungeon Crawl Stone Soup version 0.29.0-5-ge4962eb29e (webtiles) character file.

Game seed: 10850757323094795286

137 apoch the Chopper (level 5, -1/45 HPs)
             Began as a Minotaur Fighter on Aug 29, 2022.
             Slain by an ogre
             ... wielding a +0 giant spiked club
              (27 damage)
             ... on level 4 of the Dungeon.
             The game lasted 00:03:36 (2819 turns).

apoch the Chopper (Minotaur Fighter)                Turns: 2819, Time: 00:03:37

Health: -1/45      AC:  6    Str: 22    XL:     5   Next: 0%
Magic:  4/4        EV:  9    Int:  5    God:
Gold:   185        SH:  4    Dex: 10    Spells: 4/4 levels left

rFire   . . .      SeeInvis .   a - +0 war axe
rCold   . . .      Faith    .   c - +0 buckler
rNeg    . . .      Spirit   .   b - +0 scale mail
rPois   .          Reflect  .   (helmet restricted)
rElec   .          Harm     .   (no cloak)
rCorr   .          Rampage  .   (no gloves)
Will    .....                   (no boots)
Stlth   ..........              (no amulet)
HPRegen 0.15/turn               (no ring)
MPRegen 0.09/turn               (no ring)

@: no status effects
A: horns 2, retaliatory headbutt
a: no special abilities


You were on level 4 of the Dungeon.
You visited 1 branch of the dungeon, and saw 4 of its levels.

You collected 185 gold pieces.

Inventory:

Hand Weapons
 a - a +0 war axe (weapon)
Missiles
 s - 4 poisoned darts
Armour
 b - a +0 scale mail (worn)
 c - a +0 buckler (worn)
Jewellery
 q - the amulet of Witimp {Regen+ Str+8 Stlth-}
   (You found it on level 3 of the Dungeon)

   [amulet of regeneration]

   Str:       It affects your strength (+8).
   Regen:     It increases your rate of health regeneration.
   Stlth:     It makes you less stealthy.
Scrolls
 e - 3 scrolls of identify {unknown}
 i - a scroll of vulnerability {unknown}
 l - a scroll of silence {unknown}
 p - a scroll of immolation {unknown}
Potions
 d - a potion of might
 f - 2 potions of invisibility {unknown}
 g - a potion of cancellation {unknown}
 h - a potion of lignification {unknown}
 j - a potion of ambrosia {unknown}
 k - a potion of resistance {unknown}
 m - 3 potions of attraction {unknown}
 o - a potion of mutation {unknown}
 r - a potion of curing {unknown}


   Skills:
 - Level 3.6 Fighting
 + Level 6.3 Axes
 - Level 3.6 Armour
 - Level 3.6 Shields


You had 4 spell levels left.
You didn't know any spells.
Your spell library contained the following spells:

 Spells                   Type           Power      Damage    Failure   Level
 Blink                    Tloc           0%         N/A       95%         2
 Manifold Assault         Tloc           0%         N/A       100%        5
 Storm Form               Tmut/Air       0%         N/A       100%        7


Dungeon Overview and Level Annotations

Branches:
Dungeon (4/15)
 Temple: D:4-7

Altars:


Innate Abilities, Weirdness & Mutations

You have a pair of horns on your head.
You reflexively headbutt those who attack you in melee.


Message History

You see here a +0 short sword.
Done exploring.
Done exploring.
(D) Dungeon
Where to? (Enter - D:3, ? - help)
What level of the Dungeon? (default 1, ? - help)
There is a stone staircase leading up here.
There is an open door here.
There is a stone staircase leading down here.
You climb downwards.
There is a stone staircase leading up here.
You now have 178 gold pieces (gained 9).
r - a red potion
e - 3 scrolls labelled BELI FUMEM (gained 1)
You now have 185 gold pieces (gained 7).
s - 4 poisoned darts A ball python comes into view.
The ball python hisses angrily.
You throw a stone. The stone hits the ball python.
The ball python is severely wounded.
You throw a stone. The stone hits the ball python.
You kill the ball python!
You have reached level 5!
An ogre comes into view. It is wielding a +0 giant spiked club.
The ogre shouts!
An ogre is nearby!
You throw a stone. The stone hits the ogre.
The ogre is lightly wounded.
Okay, then.
You slash the ogre!
The ogre is heavily wounded.
The ogre hits you with a +0 giant spiked club.
You hit the ogre but do no damage.
The ogre is heavily wounded.
The ogre hits you with a +0 giant spiked club!
You barely miss the ogre.
The ogre is heavily wounded.
The ogre hits you with a +0 giant spiked club!!
Ouch! That really hurt!
You die...

#.#.### #.....#
#####.....###
#...........
#.........#
###.....†...###.
.........O......
......!.@..#
###.......#
#.......#
####.#.##
#..###.#
#.#.#.## #.....#
#.##.##
####.##........


You could see an ogre.

Vanquished Creatures
  6 adders
  3 worms
  2 dart slugs (D:2)
  13 ball pythons
  8 endoplasms
  A giant cockroach (D:1)
  5 goblins
  8 hobgoblins
  4 jackals (D:2)
  2 quokkas
  5 bats
  5 frilled lizards
  4 kobolds
  5 rats
  A butterfly (D:1)
72 creatures vanquished.

Vanquished Creatures (others)
  3 fungi (D:1)
3 creatures vanquished.

Grand Total: 75 creatures vanquished

Notes
Turn   | Place    | Note
-------+----------+-------------------------------------------
     0 | D:1      | apoch the Minotaur Fighter began the quest for the Orb.
     0 | D:1      | Reached XP level 1. HP: 19/19 MP: 0/0
    50 | D:1      | Reached skill level 3 in Axes
   159 | D:1      | Reached XP level 2. HP: 19/26 MP: 1/1
   413 | D:1      | Reached skill level 4 in Axes
   416 | D:1      | Found a faded altar of an unknown god.
   690 | D:1      | Reached XP level 3. HP: 31/31 MP: 2/2
  1024 | D:2      | Reached skill level 5 in Axes
  1178 | D:2      | Reached XP level 4. HP: 37/39 MP: 3/3
  2363 | D:3      | Identified the amulet of Witimp {Regen+ Str+8 Stlth-}
  2387 | D:3      | Reached skill level 6 in Axes
  2812 | D:4      | Reached XP level 5. HP: 45/45 MP: 4/4
  2813 | D:4      | Noticed an ogre
  2819 | D:4      | Slain by an ogre

Illustrated notes

Levels and vault maps discovered:
D:1:      spicycebolla_arrival_clurvy, layout_rooms,
          nicolae_ecumenical_snake_handling
D:2:      layout_loops_ring, minmay_pentomino_r4
D:3:      layout_loops_corners
D:4:      layout_loops_ring

Skill      XL: |  1  2  3  4 |
---------------+-------------+-----
Axes           | 3 4 5 6 |  6.3
Fighting       | |  3.6
Armour         | |  3.6
Shields        | |  3.6

Action                   |  1- 3 |  4- 6 || total
-------------------------+-------+-------++-------
Melee: War axe           |    67 |    48 ||   115
       Headbutt          |     9 |     8 ||    17
Throw: Stone             |    42 |    24 ||    66
Armor: Scale mail        |    23 |    19 ||    42
Dodge: Dodged            |    17 |    11 ||    28
Block: Buckler           |     9 |     6 ||    15
